 Dungeon Crawl Stone Soup version 0.24.0-123-gd5b16e6ec5 (webtiles) character file.

Game seed: 18223118751535854607, levelgen mode: deterministic

200 glosham the Chopper (level 5, -4/41 HPs)
             Began as a Mummy Abyssal Knight on Jan 12, 2020.
             Was a Believer of Lugonu.
             Slain by an ogre
             ... wielding a +0 giant spiked club
              (14 damage)
             ... on level 3 of the Dungeon.
             The game lasted 00:32:59 (2041 turns).

glosham the Chopper (Mummy Abyssal Knight)          Turns: 2041, Time: 00:32:59

Health: -4/41      AC: 12    Str: 18    XL:     5   Next: 49%
Magic:  6/6        EV:  7    Int: 12    God:    Lugonu [**....]
Gold:   110        SH:  0    Dex: 11    Spells: 4/4 levels left

rFire    x . .     SeeInvis .   a - +3 hand axe
rCold    + . .     Gourm    .   (no shield)
rNeg     + + +     Faith    .   X - +0 chain mail
rPois    ∞         Spirit   .   (no helmet)
rElec    .         Reflect  .   Y - +1 cloak of the Serpent {+Fly Str+2}
rCorr    .         Harm     .   (no gloves)
MR       .....                  W - +1 pair of boots
Stlth    ..........             (no amulet)
HPRegen  0.13/turn              (no ring)
MPRegen  0.10/turn              (no ring)

@: no status effects
A: no food or potions, fire vulnerability, cold resistance 1, negative energy
resistance 3, torment resistance, unbreathing
a: Depart the Abyss, Bend Space, Renounce Religion, Evoke Flight


You were on level 3 of the Dungeon.
You worshipped Lugonu.
Lugonu was pleased with you.
You were not hungry.

You visited 1 branch of the dungeon, and saw 4 of its levels.
You visited the Abyss 1 time.

You collected 110 gold pieces.

Inventory:

Hand Weapons
 a - a +3 hand axe (weapon)
 b - a -2 hunting sling
Missiles
 c - 71 bolts
 d - 5 atropa-tipped darts
 e - 20 sling bullets
 f - 60 stones (quivered)
 g - 37 poisoned darts
 h - 20 arrows
 j - 4 boomerangs
Armour
 i - a +2 ring mail of positive energy
 W - a +1 pair of boots (worn)
 X - a +0 chain mail (worn)
 Y - the +1 cloak of the Serpent (worn) {+Fly Str+2}
   (You found it on level 2 of the Abyss)

   It affects your strength (+2).
   It lets you fly.
Scrolls
 k - a scroll of teleportation
 m - 2 scrolls of fog
 o - 5 scrolls of remove curse


   Skills:
 - Level 3.0 Fighting
 * Level 4.8 Axes
 - Level 1.5 Armour
 - Level 0.7 Dodging
 - Level 1.5 Invocations


You had 4 spell levels left.
You didn't know any spells.
Your spell library was empty.

Dungeon Overview and Level Annotations

Branches:
Dungeon (4/15)
 Temple: D:4-7

Altars:
Elyvilon
Hepliaklqana
Nemelex Xobeh
Vehumet


Innate Abilities, Weirdness & Mutations

You do not eat or drink.
Your flesh is vulnerable to fire.
You are immune to poison.
Your flesh is cold resistant. (rC+)
You are immune to negative energy. (rN+++)
You are immune to unholy pain and torment.
You can survive without breathing.


Message History

There is a stone staircase leading down here.
You hit the iguana but do no damage.
The iguana bites you but does no damage.
You barely miss the iguana.
The iguana bites you but does no damage.
You hit the iguana.
The iguana is lightly wounded.
The iguana bites you but does no damage.
You barely miss the iguana.
The iguana is lightly wounded.
The iguana barely misses you.
You hit the iguana but do no damage.
The iguana bites you but does no damage.
You slash the iguana!
The iguana is severely wounded.
The iguana bites you.
You slash the iguana!
You kill the iguana!
Lugonu accepts your kill.
You climb downwards.
The ogre hits you with a +0 giant spiked club!!
There is a stone staircase leading up here.
The ogre hits you with a +0 giant spiked club!
* * * LOW HITPOINT WARNING * * *
The orc wizard looks encouraged for a moment.
You climb upwards.
There is a stone staircase leading down here.
Adjust (i)tems, (s)pells, or (a)bilities?
Adjust which ability? b - Bend Space Adjust to which letter?
B - Bend Space Adjust (i)tems, (s)pells, or (a)bilities?
Adjust which ability?
No such ability.
You fail to use your ability.
The orc wizard gestures at you while chanting.
The puff of flame misses you.
The puff of flame hits the ogre.
The ogre hits you with a +0 giant spiked club!
You die...

............)).#
.#####.......#.# .#
###[..###.# .# #...#
#.### .# #.### #...#
.# #?# ###.# .# #.#
#.# .# #.## #o# .#
#..## #@# .# ##...##
#O# .######.....##
#.# ..........^..#
#.# ##.####......#
#.#
.......#...#.###.###
##.###........†....#
#.######....)#####.#
.####..........###.#


You could see an ogre and an orc wizard.

Vanquished Creatures
  An orc priest (D:3)
  An iguana (D:3)
  6 adders
  A worm (D:2)
  2 dart slugs (D:2)
  A leopard gecko (D:3)
  5 orcs (D:3)
  A bat zombie (D:1)
  4 giant cockroaches
  8 goblins
  9 hobgoblins
  7 jackals
  2 quokkas
  2 ball pythons (D:1)
  9 bats
  5 frilled lizards
  A giant cockroach zombie (D:1)
  5 kobolds
  10 rats
80 creatures vanquished.

Notes
Turn   | Place    | Note
-------+----------+-------------------------------------------
     0 | Abyss:1  | glosham the Mummy Abyssal Knight began the quest for the
                  | Orb.
     0 | Abyss:1  | Reached XP level 1. HP: 18/18 MP: 2/2
    36 | Abyss:1  | Noticed a small abomination
    62 | Abyss:1  | Noticed an ancient zyme
    64 | Abyss:1  | Noticed an orange demon
    70 | Abyss:1  | Noticed a bone dragon
    89 | Abyss:1  | Noticed a deep elf sorcerer
    89 | Abyss:1  | Noticed a quasit
    90 | Abyss:1  | Noticed a worldbinder
   100 | Abyss:2  | Got a polished cloak
   126 | Abyss:2  | Found a roughly hewn altar of Beogh.
   126 | Abyss:2  | Noticed a wretched star
   130 | D:1      | Escaped the Abyss
   136 | D:1      | Identified the +1 cloak of the Serpent {+Fly Str+2} (You
                  | found it on level 2 of the Abyss)
   229 | D:1      | Reached skill level 2 in Axes
   346 | D:1      | Reached XP level 2. HP: 24/24 MP: 3/3
   379 | D:1      | Reached * piety under Lugonu
   721 | D:2      | Reached XP level 3. HP: 26/29 MP: 4/4
   742 | D:2      | Reached skill level 3 in Axes
  1077 | D:2      | Found a radiant altar of Vehumet.
  1114 | D:2      | Reached XP level 4. HP: 10/35 MP: 5/5
  1157 | D:2      | Found a sparkling altar of Nemelex Xobeh.
  1245 | D:2      | Reached ** piety under Lugonu
  1624 | D:3      | Found a hazy altar of Hepliaklqana.
  1667 | D:3      | Reached skill level 4 in Axes
  1675 | D:3      | Found a white marble altar of Elyvilon.
  1703 | D:3      | Reached XP level 5. HP: 18/41 MP: 6/6
  2023 | D:4      | Noticed an ogre
  2041 | D:3      | Slain by an ogre

Levels and vault maps discovered:
D:1:      saegor_arrival_fortress, layout_basic
D:2:      layout_basic, nicolae_overflow_crystal_walls, lemuel_round_altar,
          amethyst_killhole
D:3:      layout_loops_ring, elyvilon_altar_5, overflow_temple_1_default,
          lemuel_old_faithful
D:4:      layout_rooms, okawaru_metal_pillars_1_2, grunt_gozag_breadcrumbs

Skill      XL: |  1  2  3  4 |
---------------+-------------+-----
Axes           | 2 3 4 |  4.8
Fighting       | |  3.0
Armour         | |  1.5
Dodging        | |  0.7
Invocations    | |  1.5

Action                   |  1- 3 |  4- 6 || total
-------------------------+-------+-------++-------
Melee: Hand axe          |   147 |   137 ||   284
Invok: Depart the Abyss  |     1 |       ||     1
  Use: Scroll            |     5 |     6 ||    11
 Stab: Sleeping          |     1 |       ||     1
Armor: Leather armour    |    62 |       ||    62
       Chain mail        |     5 |    96 ||   101
Dodge: Dodged            |    80 |    44 ||   124

Table legend:
 A = Turns spent in this place as a percentage of turns spent in the entire game.
 B = Non-inter-level travel turns spent in this place as a percentage of non-inter-level travel turns spent in the entire game.
 C = Inter-level travel turns spent in this place as a percentage of turns spent in this place.
 D = Turns resting spent in this place as a percentage of non-inter-level travel turns spent in this place.
 E = Turns spent auto-exploring this place as a percentage of non-inter-level travel turns spent in this place.
 F = Non-inter-level travel turns spent in this place divided by the number of levels of this place that you've seen.
                   A       B       C       D       E      F
               +-------+-------+-------+-------+-------+----------------------
         Total | 100.0 | 100.0 |  10.9 |   0.2 |   0.0 | 303.0
       Dungeon |  93.6 |  92.8 |  11.7 |   0.2 |   0.0 | 422.0
         Abyss |   6.4 |   7.2 |   0.0 |   0.0 |   0.0 |  65.0
               +-------+-------+-------+-------+-------+----------------------

Table legend:
 A = Kills in this place as a percentage of kills in entire the game.
 B = Kills by you in this place as a percentage of kills by you in the entire game.
 C = Kills by friends in this place as a percentage of kills by friends in the entire game.
 D = Other kills in this place as a percentage of other kills in the entire game.
 E = Experience gained in this place as a percentage of experience gained in the entire game.
 F = Experience gained in this place divided by the number of levels of this place that you have seen.
                   A       B       C       D       E      F
               +-------+-------+-------+-------+-------+----------------------
         Total | 100.0 | 100.0 |   N/A |   N/A | 100.0 |  47.8
       Dungeon | 100.0 | 100.0 |   N/A |   N/A | 100.0 |  71.8
               +-------+-------+-------+-------+-------+----------------------

Levels and vault maps discovered:
D:1:      saegor_arrival_fortress, layout_basic
D:2:      layout_basic, nicolae_overflow_crystal_walls, lemuel_round_altar,
          amethyst_killhole
D:3:      layout_loops_ring, elyvilon_altar_5, overflow_temple_1_default,
          lemuel_old_faithful
D:4:      layout_rooms, okawaru_metal_pillars_1_2, grunt_gozag_breadcrumbs
